AoeStats
← Kellokz

Arena

510386409Analyzed
3v3 RM · 1d ago on Sep 30, 2026· 39m 27s· 6 players
Game mode
Random Map
Map size
Normal (6 player)
Population
200
Speed
Normal
Resources
Standard
Victory
Conquest
Starting age
Dark Age
Ending age
Imperial Age
RankedLock teamsTeams togetherTeam positionsShared explorationLock speedFull tech treeHidden civsTurbo modeCheats
Victory
Defeat
🇨🇭 Saxons · Switzerland
1130
+14
🇩🇪 Vikings · Germany
1090
+16
🇩🇪 Khmer · Germany
1080
+16
🇳🇱 Spanish · Netherlands
1163
-18
🇩🇪 Italians · Germany
1050
-14
🇩🇪 Byzantines · Germany
1050
-14
Sir Gordon8100
6:28 Loom
10:28 Feudal Age
15:03 Castle Age
14:01 Double-Bit Axe
22:33 Horse Collar
25:28 Bow Saw
25:34 Town Watch
25:43 Gold Mining
25:46 Stone Mining
26:06 Heavy Plow
27:21 Scale Mail Armor
35:40 Imperial Age
34:28 Treadmill Crane
35:01 Masonry
34:48 Murder Holes
37:59 Conscription
37:52 Scale Mail Armor
38:02 Forging
38:44 Squires
38:30 Arson
Prenos
10:39 Feudal Age
14:33 Castle Age
12:29 Double-Bit Axe
12:28 Horse Collar
15:24 Wheelbarrow
15:39 Bow Saw
16:44 Heavy Plow
21:01 Husbandry
21:11 Bloodlines
22:42 Scale Barding Armor
23:10 Forging
25:39 Chain Barding Armor
27:19 Light Cavalry
31:28 Imperial Age
32:09 Iron Casting
32:25 Cavalier
32:35 Capped Ram
33:47 Siege Ram
36:53 Plate Barding Armor
37:18 Blast Furnace
37:37 Pikeman
Juerg Pinki
10:51 Feudal Age
14:54 Castle Age
12:45 Double-Bit Axe
18:27 Loom
21:22 Horse Collar
23:51 Scale Mail Armor
24:02 Forging
25:04 Wheelbarrow
24:16 Town Watch
25:12 Chain Mail Armor
26:22 Iron Casting
26:02 Squires
26:21 Arson
31:21 Imperial Age
29:08 Hand Cart
32:51 Plate Mail Armor
31:47 Shield Wall
32:47 Conscription
33:03 Hoardings
32:47 Heavy Plow
33:12 Gold Mining
33:12 Stone Mining
34:37 Siege Engineers
35:31 Gold Shaft Mining
35:09 Bow Saw
34:38 Elite Hearth Troop
39:19 Fletching
39:42 Masonry
40:33 Chemistry
Kauly | TTV
12:02 Feudal Age
17:04 Castle Age
15:43 Loom
21:16 Imperial Age
19:06 Double-Bit Axe
19:15 Gold Mining
19:07 Horse Collar
20:12 Squires
20:50 Scale Mail Armor
23:20 Chemistry
24:12 Padded Archer Armor
24:53 Arson
25:21 Forging
28:11 Bow Saw
30:35 Wheelbarrow
30:11 Fletching
32:56 Ballistics
36:51 Town Watch
ShootingDutchman
11:34 Feudal Age
12:03 Double-Bit Axe
15:42 Castle Age
15:38 Gold Mining
17:21 Loom
22:06 Town Watch
24:59 Bow Saw
25:41 Padded Archer Armor
35:17 Imperial Age
36:22 Wheelbarrow
36:37 Leather Archer Armor
38:14 Ring Archer Armor
38:07 Ballistics
38:51 Fortified Wall
Kellokz
10:48 Feudal Age
14:18 Castle Age
12:43 Double-Bit Axe
16:13 Bow Saw
16:04 Gold Mining
17:57 Fletching
20:50 Horse Collar
21:07 Crossbowman
22:59 Wheelbarrow
22:42 Heavy Plow
23:31 Thumb Ring
24:40 Hand Cart
26:29 Ballistics
29:23 Imperial Age
27:05 Padded Archer Armor
28:08 Forging
27:59 Scale Mail Armor
28:30 Squires
28:15 Gambesons
28:16 Arson
28:33 Stone Mining
29:56 Iron Casting
29:28 Elite Varangian Guard
31:24 Scale Barding Armor
31:51 Conscription
33:26 Capped Ram
35:19 Siege Ram
37:43 Chain Mail Armor
38:07 Gold Shaft Mining
39:16 Logistica
Connection lost

Rejoining the realm…

Still unreachable

The connection could not be restored.

Session expired

The server has moved on; the page needs a fresh start.